AoeStats
← Herby

Arena

506300158Analyzed
4v4 RM · 20d ago on Sep 13, 2026· 28m 46s· 8 players
Game mode
Random Map
Map size
Large (8 player)
Population
200
Speed
Normal
Resources
Standard
Victory
Conquest
Starting age
Dark Age
Ending age
Imperial Age
RankedLock teamsTeams togetherTeam positionsShared explorationLock speedFull tech treeHidden civsTurbo modeCheats
Victory
Defeat
🇲🇽 Malay · Mexico
1463
+14
🇵🇱 Teutons · Poland
1460
+14
🇵🇪 Bohemians · Peru
1447
+15
🇧🇷 Japanese · Brazil
1443
+15
🇺🇸 Georgians · United States
1530
-18
🇲🇽 Romans · Mexico
1424
-15
🇲🇽 Mapuche · Mexico
1401
-14
🇵🇪 Franks · Peru
1333
-11
Meliod27
11:49 Feudal Age
15:17 Castle Age
13:05 Double-Bit Axe
13:09 Horse Collar
16:31 Bow Saw
18:17 Wheelbarrow
22:50 Fervor
23:31 Hand Cart
23:02 Loom
27:27 Fletching
31:32 Imperial Age
29:01 Bodkin Arrow
Walmart
5:39 Loom
8:28 Feudal Age
8:11 Double-Bit Axe
11:40 Fletching
17:26 Wheelbarrow
22:41 Castle Age
21:17 Gold Mining
21:08 Horse Collar
21:19 Stone Mining
23:14 Bow Saw
22:44 Horse Collar
24:44 Bodkin Arrow
AeroLag
11:52 Feudal Age
12:48 Double-Bit Axe
15:50 Castle Age
14:25 Horse Collar
19:06 Forging
18:57 Scale Mail Armor
24:02 Loom
AfricanNija
11:28 Feudal Age
15:17 Castle Age
13:22 Double-Bit Axe
13:44 Horse Collar
16:37 Bow Saw
16:59 Heavy Plow
19:42 Wheelbarrow
21:21 Loom
21:41 Gold Mining
25:08 Bloodlines
25:27 Scale Barding Armor
25:32 Forging
25:34 Bloodlines
28:15 Imperial Age
26:33 Chain Barding Armor
26:42 Stone Mining
27:54 Iron Casting
29:53 Plate Barding Armor
28:43 Cavalier
[Pb] Komodo 3000
10:17 Feudal Age
13:51 Castle Age
15:15 Double-Bit Axe
15:24 Gold Mining
22:47 Forging
24:34 Horse Collar
Herby
8:32 Loom
10:17 Feudal Age
14:08 Castle Age
12:31 Double-Bit Axe
13:01 Gold Mining
15:22 Bow Saw
24:12 Redemption
25:02 Wheelbarrow
jimmy
10:29 Feudal Age
14:05 Castle Age
12:17 Double-Bit Axe
12:16 Horse Collar
20:02 Bow Saw
22:41 Wheelbarrow
21:52 Loom
23:32 Heavy Plow
24:40 Gold Mining
29:17 Imperial Age
27:20 Scale Mail Armor
26:56 Pikeman
27:36 Squires
27:52 Forging
29:13 Chain Mail Armor
29:33 Iron Casting
28:57 Stone Mining
[DM] Oso Tulon
5:41 Loom
8:30 Loom
11:34 Feudal Age
15:02 Double-Bit Axe
18:11 Stone Mining
19:04 Wheelbarrow
22:08 Castle Age
23:15 Bow Saw
23:03 Gold Mining
25:55 Town Watch
27:59 Fletching
Connection lost

Rejoining the realm…

Still unreachable

The connection could not be restored.

Session expired

The server has moved on; the page needs a fresh start.